Map: Catalyst LE

Players

SortOf - Winner!

  • Race: Zerg Zerg
  • Spawn Location: 5:00

Miharu

  • Race: Zerg Zerg
  • Spawn Location: 11:00

Event: WCS Austin 2018

VOD

Have the link to the VOD?

Description

Time

  • Played on: June 1, 2018, 2:18 p.m.
  • Length: 4:43

All games in this series

Show
View Real Time Build Order
Export as new Build Order

SortOf Zerg - Winner!

Build Orders: Hatch First, Zergling Baneling 

Get SALT Encoding   

  12  0:00  Drone  
  13  0:13  Overlord  
  13  0:18  Drone  
  14  0:31  Drone x2  
  16  0:53  Hatchery, Drone  
  16  1:05  Drone  
  16  1:09  Extractor  
  16  1:10  Drone  
  17  1:15  Spawning Pool  
  16  1:19  Drone  
  16  1:23  Drone  
  18  1:35  Drone  
  19  1:51  Drone  
  19  1:52  Overlord  
  20  2:03  Queen  
  20  2:05  Queen  
  20  2:06  Zergling x4  
  26  2:15  Drone, Metabolic Boost  
  26  2:16  Drone  
  26  2:22  Drone  
  29  2:26  Drone  
  30  2:37  Baneling Nest  
  30  2:38  Drone  
  30  2:42  Zergling x2  
  31  2:58  Hatchery  
  31  2:59  Overlord  
  31  3:00  Zergling x4  
  32  3:11  Zergling x8  
  36  3:19  Zergling x6  
  39  3:21  Baneling x2  
  39  3:22  Baneling  
  39  3:25  Drone  
  39  3:26  Baneling  
  40  3:28  Zergling x2  
  40  3:29  Zergling x2  
  42  3:37  Zergling x4  
  42  3:40  Overlord  
  44  3:46  Baneling  
  44  3:48  Overlord  
  43  3:53  Zergling x2  
  44  4:01  Zergling x10  
  49  4:06  Baneling x3  
  48  4:11  Zergling x2  
  48  4:12  Zergling x4  
  48  4:21  Zergling x6  
  48  4:22  Baneling  
  51  4:25  Zergling x2  
Show
View Real Time Build Order
Export as new Build Order

Miharu Zerg 

Build Orders: Hatch First 

Get SALT Encoding   

  12  0:02  Drone  
  13  0:13  Overlord  
  13  0:17  Drone  
  14  0:32  Drone x2  
  16  0:37  Drone  
  17  0:52  Hatchery  
  17  0:55  Drone  
  17  0:59  Drone  
  18  1:09  Extractor  
  17  1:14  Spawning Pool  
  17  1:16  Drone  
  17  1:20  Drone  
  18  1:29  Drone  
  19  1:40  Overlord  
  19  1:51  Drone  
  20  2:02  Queen, Zergling x2  
  20  2:04  Queen  
  20  2:05  Drone  
  26  2:12  Drone  
  27  2:16  Metabolic Boost  
  27  2:19  Drone  
  28  2:23  Drone  
  29  2:37  Zergling x2  
  30  2:39  Hatchery  
  30  2:42  Zergling x2  
  30  2:47  Queen  
  32  2:54  Zergling x4  
  34  3:02  Zergling x4  
  35  3:06  Overlord  
  35  3:18  Baneling Nest  
  34  3:23  Overlord  
  34  3:28  Drone, Zergling x2  
  34  3:29  Drone x3  
  39  3:39  Drone, Roach Warren  
  39  3:47  Zergling x6  
  36  4:00  Zergling x4  
  36  4:01  Zergling x2  
  38  4:04  Queen  
  38  4:09  Zergling x6  
  43  4:10  Zergling x2  
  43  4:15  Zergling x4  
  39  4:17  Zergling x2  
  39  4:21  Zergling x2  
  35  4:24  Drone  
Tags
 
Add a new tag
Caveats
  • Supply blocks, unpowered buildings, or Contaminate may cause inaccurate times.
  • Supply counts are checked every 10 seconds.